 Dungeon Crawl Stone Soup version 0.31-a0-365-gcf821cafb2 (webtiles) character file.

Game seed: 15506449121442384689

6609 drugrobin the Cleaver (level 10, -4/80 HPs)
             Began as a Demigod Delver on July 27, 2023.
             Slain by a sun demon (13 damage)
             ... summoned by an orc high priest
             ... in a bailey.
             The game lasted 00:35:26 (11717 turns).

drugrobin the Cleaver (Demigod Delver)             Turns: 11717, Time: 00:35:27

Health: -4/80      AC: 13    Str: 25    XL:     10   Next: 44%
Magic:  0/13       EV:  7    Int: 12    God:
Gold:   228        SH:  0    Dex: 15    Spells: 9/9 levels left

rFire   . . .        u - +3 battleaxe
rCold   + . .        (shield currently unavailable)
rNeg    . . .        F - +0 plate armour
rPois   .            x - +2 hat
rElec   +            T - +0 cloak
rCorr   .            (no gloves)
SInv    +            (no boots)
Will    +....        k - amulet of guardian spirit Stlth
                     X - ring "Ahothoet" {Fly rElec SInv}
HPRegen 0.33/turn    L - ring of protection from cold
MPRegen 0.13/turn

%: guardian spirit
@: flying
A: high MP 1, forlorn, divine attributes
a: no special abilities


You were in a bailey.
You visited 2 branches of the dungeon, and saw 11 of its levels.
You also visited: Bailey.

You collected 539 gold pieces.
You spent 311 gold pieces at shops.

Inventory:

Hand Weapons
 b - a +0 broad axe
 c - a +0 sling
 d - a +0 dagger of venom
 u - a +3 battleaxe (weapon)
 E - a +2 flail of holy wrath
 V - a +3 hand axe
Missiles
 o - a curare-tipped dart
 J - 6 poisoned darts
 K - 2 boomerangs (quivered)
Armour
 h - a +1 robe of cold resistance
 x - a +2 hat (worn)
 F - a +0 plate armour (worn)
 T - a +0 cloak (worn)
Magical Staves
 v - a staff of conjuration
 W - a staff of poison
Jewellery
 k - an amulet of guardian spirit (around neck)
 s - a ring of see invisible
 t - a ring of protection from fire
 H - a ring of resist corrosion
 L - a ring of protection from cold (right hand)
 N - a ring of fire
 X - the ring "Ahothoet" (left hand) {Fly rElec SInv}
   (You bought it in a shop on level 9 of the Dungeon)

   [ring of see invisible]

   rElec:     It insulates you from electricity.
   SInv:      It lets you see invisible.
   Fly:       It grants you flight.
Wands
 a - a wand of paralysis (3)
 g - a wand of digging (3)
 U - a wand of flame (4)
Scrolls
 e - 3 scrolls of fear
 i - 2 scrolls of identify
 j - 7 scrolls of poison {unknown}
 l - 2 scrolls of blinking
 m - 7 scrolls of teleportation {unknown}
 n - 3 scrolls of enchant weapon {unknown}
 p - 4 scrolls of acquirement
 r - 5 scrolls of fog
 A - 2 scrolls of revelation
 B - a scroll of summoning {unknown}
 P - a scroll of torment {unknown}
 R - 3 scrolls of enchant armour
Potions
 f - a potion of haste
 q - 2 potions of curing
 w - 3 potions of brilliance
 C - 3 potions of attraction
 D - 5 potions of mutation
 S - 2 potions of might
Miscellaneous
 y - a piece from Xom's chessboard (12/15)


   Skills:
 + Level 4.7 Fighting
 * Level 13.9 Axes
 - Level 1.7 Dodging
 - Level 4.5 Stealth
 + Level 3.7 Evocations


You had 9 spell levels left.
You didn't know any spells.
Your spell library contained the following spells:

 Spells                   Type           Power      Damage    Failure   Level
 Foxfire                  Conj/Fire      0%         2x1d4     100%        1
 Freeze                   Ice            0%         1d3       100%        1
 Magic Dart               Conj           0%         1d3       100%        1
 Blink                    Tloc           0%         N/A       100%        2
 Call Imp                 Summ           0%         N/A       100%        2
 Ensorcelled Hibernation  Hex/Ice        0%         N/A       100%        2
 Passwall                 Tmut/Erth      0%         N/A       100%        2
 Frozen Ramparts          Ice            0%         1d1       100%        3
 Hailstorm                Conj/Ice       0%         3d3       100%        3
 Mephitic Cloud           Conj/Pois/Air  0%         N/A       100%        3
 Portal Projectile        Hex/Tloc       0%         N/A       100%        3
 Swiftness                Air            0%         N/A       100%        3
 Tukima's Dance           Hex            0%         N/A       100%        3
 Iskenderun's Mystic Bla  Conj/Tloc      0%         2d3       100%        4
 Leda's Liquefaction      Hex/Erth       0%         N/A       100%        4
 Manifold Assault         Tloc           0%         N/A       100%        4
 Lee's Rapid Deconstruct  Erth           0%         3d4*      100%        5
 Leda's Unmaking          Conj/Erth      0%         9d1       100%        6
 Plasma Beam              Fire/Air       0%         2x1d10    100%        6
 Starburst                Conj/Fire      0%         6d3       100%        6


Dungeon Overview and Level Annotations

Branches:
Dungeon (10/15)            Temple (1/1) D:7          Bailey (1/1)
   Lair: D:8-11         Orc: D:9-12

Shops:
D:9 =

Annotations:
D:5 Edmund
D:8 Gastronok


Innate Abilities, Weirdness & Mutations

You have an increased reservoir of magic. (+10% MP)
You shall have no god before yourself.
Your divine heritage dramatically boosts your attributes as you level up.


Message History

Unknown command.
Unknown command.
Unknown command.
Unknown command.
Unknown command.
You make a move on Xom's chessboard...
The orc high priest resists with almost no effort.
You make a move on Xom's chessboard...
The orc high priest resists with almost no effort.
You start resting.
The orc warrior shouts!
HP restored.
The orc warrior barely misses you.
Unknown command.
Unknown command.
Unknown command.
You slash the orc warrior!
The orc warrior is severely wounded.
The orc warrior hits you with a +0 war axe.
Unknown command.
Unknown command.
You slash the orc warrior!
You kill the orc warrior!
You hear a splash. x2
The orc high priest prays to Beogh.
Unknown command.
Unknown command.
Unknown command.
Unknown command.
The sun demon attacks as you move away! The sun demon hits you.
You are engulfed in flames!!
The sun demon hits you.
You are engulfed in flames!
The sun demon attacks as you move away! The sun demon hits you.
You are engulfed in flames!
The sun demon attacks as you move away! The sun demon hits you!
* * * LOW HITPOINT WARNING * * *
You are engulfed in flames!
* * * LOW HITPOINT WARNING * * *
The sun demon hits you!
You die...

#≈≈≈≈≈#'#.)###############!.#'#≈≈
#≈≈≈≈≈#.#.)'.............'..#.#≈≈
#≈≈≈≈≈######~~~~~~~~~~~~~######≈≈
#≈≈≈≈≈≈≈≈≈≈≈≈≈≈≈≈≈≈≈≈≈≈≈≈≈≈≈≈≈≈≈≈
#≈≈≈≈≈≈≈≈≈≈≈≈≈≈≈≈≈≈≈≈≈≈≈≈≈≈≈≈≈≈≈≈
#≈≈≈≈≈≈≈≈≈≈≈≈≈≈≈≈≈≈≈≈≈≈≈≈≈≈≈≈≈≈≈≈
#≈≈≈≈≈≈≈≈≈≈≈≈≈≈≈≈≈≈≈≈≈≈≈≈≈≈≈≈≈≈≈≈
#≈≈≈≈≈≈≈≈≈≈≈≈≈≈≈≈≈≈≈≈≈≈≈≈≈≈≈≈≈≈≈≈
#≈≈≈≈≈≈≈≈≈≈≈≈≈≈≈@3≈≈≈≈≈≈≈≈≈≈≈≈≈≈≈
#≈≈≈≈≈≈≈≈≈≈≈≈≈≈≈≈≈≈≈≈≈≈≈≈≈≈≈≈≈≈≈≈
#≈≈≈≈≈≈≈≈≈≈≈≈≈≈≈≈≈≈≈≈≈≈≈≈≈≈≈≈≈≈≈≈
#################################


You could see a sun demon (summoned).

Vanquished Creatures
  Erica (D:10)
  Pikel (D:5)
  A deep elf zephyrmancer (D:9)
  An orc knight (Bailey)
  A kobold demonologist (Bailey)
  A vampire (D:6)
  2 water moccasins
  An ice beast (D:7)
  Pargi (D:4)
  8 orc warriors
  3 ogres
  A black bear (D:6)
  3 centaurs
  A phantom (D:3)
  3 bullfrogs
  2 kobold brigands
  Blork the orc (D:5)
  A gnoll sergeant (D:8)
  A scorpion (D:5)
  5 wights (D:9)
  Dowan (D:7)
  4 killer bees (D:8)
  2 howler monkeys
  8 electric eels (Bailey)
  4 hounds
  5 jellies
  Crazy Yiuf (D:5)
  3 orc priests
  5 iguanas
  8 orc wizards
  15 gnolls
  7 adders
  A white imp (D:6)
  An ufetubus (D:4)
  A worm (D:7)
  2 dart slugs
  32 orcs
  6 ball pythons
  3 endoplasms
  2 giant cockroaches
  8 goblins
  9 hobgoblins
  4 quokkas
  5 bats
  6 frilled lizards
  12 kobolds
  6 rats
200 creatures vanquished.

Vanquished Creatures (collateral kills)
  Duvessa (D:7)
  A gnoll (D:4)
  A hobgoblin (D:4)
  A quokka (D:4)
  A ball python (D:4)
5 creatures vanquished.

Vanquished Creatures (others)
  A scorpion (D:4)
  An iguana (D:4)
2 creatures vanquished.

Grand Total: 207 creatures vanquished

Notes
Turn   | Place    | Note
-------+----------+-------------------------------------------
     0 | D:5      | drugrobin the Demigod Delver began the quest for the Orb.
     0 | D:5      | Reached XP level 1. HP: 18/18 MP: 3/3
    12 | D:5      | Noticed a water moccasin
   141 | D:3      | Reached skill level 2 in Axes
   321 | D:3      | Noticed a phantom
   417 | D:2      | Reached XP level 2. HP: 25/25 MP: 4/4
   595 | D:2      | Reached skill level 3 in Axes
   793 | D:1      | Reached XP level 3. HP: 29/30 MP: 5/5
  2364 | D:3      | Killed a phantom
  2365 | D:3      | Reached skill level 4 in Axes
  2365 | D:3      | Reached XP level 4. HP: 14/37 MP: 2/6
  2573 | D:4      | Reached skill level 5 in Axes
  2577 | D:4      | Reached XP level 5. HP: 36/42 MP: 5/7
  3615 | D:4      | Reached skill level 6 in Axes
  3695 | D:4      | Noticed an ogre
  3727 | D:4      | Killed an ogre
  3728 | D:4      | Reached XP level 6. HP: 32/50 MP: 5/8
  3914 | D:4      | Noticed Pargi
  3937 | D:4      | Killed Pargi
  4349 | D:5      | Reached skill level 7 in Axes
  4476 | D:5      | Reached XP level 7. HP: 56/56 MP: 9/9
  4507 | D:5      | Noticed Blork the orc
  4513 | D:5      | Killed Blork the orc
  4514 | D:5      | Reached skill level 8 in Axes
  4904 | D:5      | Noticed Pikel
  4943 | D:5      | Killed Pikel
  4944 | D:5      | Reached skill level 9 in Axes
  4944 | D:5      | Reached XP level 8. HP: 32/62 MP: 5/10
  5131 | D:4      | Reached skill level 10 in Axes
  5247 | D:5      | Found a runed translucent door.
  5248 | D:5      | Noticed Crazy Yiuf
  5341 | D:5      | Noticed Edmund
  6081 | D:7      | Reached skill level 11 in Axes
  6247 | D:7      | Reached XP level 9. HP: 68/68 MP: 11/11
  6275 | D:7      | Noticed Duvessa
  6275 | D:7      | Noticed Dowan
  6282 | D:7      | Killed Duvessa
  6329 | D:7      | Killed Dowan
  6377 | D:7      | Found a staircase to the Ecumenical Temple.
  6382 | Temple   | Entered the Ecumenical Temple
  6584 | D:7      | Reached skill level 12 in Axes
  7162 | D:8      | Noticed Gastronok
  8263 | D:8      | Identified 4 scrolls of acquirement
  8507 | D:6      | Identified the +0 ring mail of the Wilderness {Fly Will-
                  | Str-4 Int+9}
  8806 | D:5      | Killed Crazy Yiuf
  9121 | D:9      | Identified the +5 dagger "Ikkull" {heavy, Str-3 Dex+5}
  9517 | D:9      | Reached skill level 13 in Axes
  9550 | D:9      | Noticed a deep elf zephyrmancer
  9568 | D:9      | Killed a deep elf zephyrmancer
  9569 | D:9      | Reached skill level 1 in Evocations
 10210 | D:9      | Found Vatenuirph's Jewellery Shoppe.
 10214 | D:9      | Bought the ring "Ahothoet" {Fly rElec SInv} for 311 gold
                  | pieces
 10431 | D:10     | Entered Level 10 of the Dungeon
 10459 | D:10     | Noticed a manticore
 10498 | D:10     | Found a flagged portal.
 10501 | D:10     | Noticed Erica
 10517 | D:10     | Paralysed by Erica for 5 turns
 10528 | D:10     | Killed Erica
 10529 | D:10     | Reached XP level 10. HP: 39/78 MP: 13/13
 10622 | Bailey   | Entered a bailey
 10813 | Bailey   | Noticed an orc knight
 10813 | Bailey   | Noticed an orc knight
 11138 | Bailey   | Killed an orc knight
 11559 | Bailey   | Noticed an orc high priest
 11698 | Bailey   | Noticed a sun demon
 11698 | Bailey   | Noticed a sixfirhy
 11717 | Bailey   | Slain by a sun demon

Illustrated notes

Levels and vault maps discovered:
D:1:      dpeg_arrival_fog, layout_loops_ring
D:2:      layout_loops_cross, ebering_ecumenical_altar_hall
D:3:      layout_basic, nicolae_overflow_macrodata_refinement
D:4:      layout_basic, mainiacjoe_overflow_cross_hatched, minmay_circle_x,
          uniq_pargi
D:5:      layout_basic, kennysheep_generic_room_4, uniq_crazy_yiuf_cottage,
          uniq_blork_the_orc, uniq_edmund, uniq_pikel
D:6:      layout_cave_pools
D:7:      layout_loops_ring, temple_doors_ab, corexii_corridor_pit,
          dk_noncrumbling_3, uniq_duvessa
D:8:      layout_basic, uniq_gastronok
D:9:      layout_loops_ring, serial_shops, shop,
          hangedman_decor_clover_reticule, minmay_librarian
D:10:     layout_roguey, mainiacjoe_overflow_divided_tiny, hiddenorc1_lemuel,
          enter_bailey_6, david_greed, uniq_erolcha, uniq_erica
Temple:   nicolae_temple_no_exploring_needed
Bailey:   bailey_axe_of_yendor_kennysheep, bailey

Skill      XL: |  1  2  3  4  5  6  7  8  9 10 |
---------------+-------------------------------+-----
Axes           | 2 3 4 5 6 7 9 11 13 | 13.9
Fighting       | 3 4 |  4.7
Evocations     | 2 3 |  3.7
Dodging        | |  1.7
Stealth        | |  4.5

Action                     |  1- 3 |  4- 6 |  7- 9 | 10-12 || total
---------------------------+-------+-------+-------+-------++-------
  Melee: Hand axe          |    85 |    91 |    28 |       ||   204
         War axe           |    53 |    53 |    51 |       ||   157
         Punch             |       |     4 |     4 |       ||     8
         Broad axe         |       |       |   199 |       ||   199
         Dagger            |       |       |    29 |       ||    29
         Battleaxe         |       |       |    10 |    98 ||   108
         Flail             |       |       |     4 |       ||     4
   Fire: Sling             |     3 |       |       |       ||     3
  Throw: Dart              |       |     2 |     9 |     1 ||    12
         Throwing net      |       |     4 |       |       ||     4
         Boomerang         |       |       |    27 |     5 ||    32
  Evoke: Wand              |       |     1 |    23 |     8 ||    32
         Piece from Xom's  |       |       |       |     7 ||     7
    Use: Scroll            |       |       |     6 |     5 ||    11
         Potion            |       |       |     3 |     1 ||     4
   Stab: Sleeping          |    17 |       |       |       ||    17
         Distracted        |       |     1 |       |       ||     1
         Held in net/web   |       |     2 |       |       ||     2
         Paralysed         |       |       |    18 |       ||    18
 Armour: Leather armour    |    24 |       |       |       ||    24
         Ring mail         |    16 |    44 |       |       ||    60
         Plate armour      |       |    45 |   181 |    14 ||   240
  Dodge: Dodged            |    71 |    81 |    77 |    19 ||   248

Table legend: (Time is in decaauts)
 A = Elapsed time spent in this place.
 B = Non-inter-level travel time spent in this place.
 C = Inter-level travel time spent in this place.
 D = Time resting spent in this place.
 E = Time spent auto-exploring this place.
 F = Levels seen in this place.
 G = Mean time per level.
                   A        B        C        D        E       F      G
               +--------+--------+--------+--------+--------+-----+--------+
         Total |  11772 |  10884 |    888 |   1445 |   5856 |  12 |  981.0 |
       Dungeon |  10667 |   9779 |    888 |   1034 |   5634 |  10 | 1066.7 |
        Temple |     19 |     19 |      0 |     16 |      0 |   1 |   19.0 |
        Bailey |   1084 |   1084 |      0 |    395 |    222 |   1 | 1084.0 |
               +--------+--------+--------+--------+--------+-----+--------+

Top non-repeatable levels by time:
     D:4: 1838 daAuts
     D:8: 1487 daAuts
     D:5: 1384 daAuts
     D:7: 1357 daAuts
     D:9: 1261 daAuts
  Bailey: 1084 daAuts
     D:3: 1024 daAuts
     D:2: 768 daAuts
     D:1: 732 daAuts
     D:6: 607 daAuts
    D:10: 204 daAuts
  Temple: 19 daAuts
